 Dungeon Crawl Stone Soup version 0.32-a0-986-ga09f62fbf4 (webtiles) character file.

Game seed: 6490581686231168956

294779 TacoSundae the Bludgeoner (level 20, -9/175 (191) HPs)
             Began as a Mountain Dwarf Fighter on Apr 21, 2024.
             Was the Champion of Okawaru.
             Collided with a metal wall (31 damage)
             ... after being knocked back by Sojobo
             ... on level 3 of the Vaults on Apr 22, 2024.
             The game lasted 02:26:33 (39482 turns).

TacoSundae the Bludgeoner (Mountain Dwarf Fighter) Turns: 39482, Time: 02:26:34

HP:   -9/175 (191)  AC: 33    Str: 34    XL:     20   Next: 4%
MP:   27/27         EV: 10    Int: 14    God:    Okawaru [******]
Gold: 2849          SH: 16    Dex:  9    Spells: 19/19 levels left

rFire   + + +        a - +9 morningstar of the Shrike {spect, rElec rF++ Str+4 Int-4}
rCold   . . .        C - +0 kite shield
rNeg    . . .        o - +0 plate armour
rPois   +            r - +1 helmet
rElec   +            e - +2 cloak {rCorr}
rCorr   +            R - +1 pair of gloves of the Dungeon {^Contam rPois rF+}
SInv    .            z - +0 pair of boots
Will    +++..        M - amulet of regeneration Stlth
                     E - ring of willpower
HPRegen 1.29/turn    n - ring "Hooff" {Str+5 Int+6 Stlth-}
MPRegen 0.20/turn

%: no passive effects
@: lethally poisoned (-9 -> -9), heroic, hasted, drained, very quick
A: runic magic, artefact enchanting
}: 2/15 runes: decaying, serpentine
a: Renounce Religion, Heroism, Finesse, Duel, Receive Weapon


You were on level 3 of the Vaults.
You worshipped Okawaru.
Okawaru was exalted by your worship.
You visited 8 branches of the dungeon, and saw 37 of its levels.
You visited the Abyss 1 time.
You visited 1 bazaar.
You also visited: Bailey and Desolation.

You collected 4063 gold pieces.
You spent 1214 gold pieces at shops.

Inventory:

Hand Weapons
 a - the +9 morningstar of the Shrike (weapon) {spect, rElec rF++ Str+4 Int-4}
   (You acquired it on level 9 of the Dungeon)

   Str+4:     It affects your strength (+4).
   Int-4:     It affects your intelligence (-4).
   rF++:      It greatly protects you from fire.
   rElec:     It insulates you from electricity.
 v - a +1 demon whip of protection
Missiles
 s - 28 boomerangs (quivered)
 y - 26 javelins
 B - 8 curare-tipped darts
 H - a throwing net
 O - 9 silver javelins
Armour
 e - a +2 cloak of preservation (worn)
 o - a +0 plate armour (worn)
 r - a +1 helmet (worn)
 z - a +0 pair of boots (worn)
 C - a +0 kite shield (worn)
 R - the +1 pair of gloves of the Dungeon (worn) {^Contam rPois rF+}
   (Okawaru gifted it to you on level 4 of the Lair of Beasts)

   rF+:       It protects you from fire.
   rPois:     It protects you from poison.
   ^Contam:   It causes magical contamination when unequipped.
Jewellery
 f - a ring of protection from cold
 m - a ring of see invisible
 n - the ring "Hooff" (right hand) {Str+5 Int+6 Stlth-}
   (You found it on level 2 of the Dungeon)

   [ring of intelligence]

   Str+5:     It affects your strength (+5).
   Int+6:     It affects your intelligence (+6).
   Stlth-:    It makes you less stealthy.
 E - a ring of willpower (left hand)
 I - a ring of positive energy
 M - an amulet of regeneration (around neck)
 V - the ring "Olecvix" {rElec rCorr Int-3 Dex+4}
   (You found it on level 1 of the Vaults)

   [ring of resist corrosion]

   Int-3:     It affects your intelligence (-3).
   Dex+4:     It affects your dexterity (+4).
   rElec:     It insulates you from electricity.
   rCorr:     It protects you from acid and corrosion.
Wands
 i - a wand of flame (66)
 p - a wand of acid (30)
 u - a wand of digging (5)
 Q - a wand of roots (27)
Scrolls
 g - 9 scrolls of poison
 h - 10 scrolls of identify
 k - 7 scrolls of enchant armour
 t - 8 scrolls of teleportation
 w - a scroll of silence
 D - 10 scrolls of enchant weapon
 F - 4 scrolls of fog
 G - 6 scrolls of revelation
Potions
 b - 6 potions of berserk rage
 c - a potion of resistance
 d - 5 potions of might
 j - 13 potions of curing
 l - 3 potions of haste
 q - 4 potions of mutation
 x - 3 potions of invisibility
 A - 4 potions of attraction
 J - a potion of ambrosia
 K - 2 potions of heal wounds
 N - 2 potions of magic
 P - 2 potions of enlightenment
Miscellaneous
 S - a Gell's gravitambourine (2/2)
 T - a tin of tremorstones (2/2)


   Skills:
 + Level 19.5(24.5) Fighting
 - Level 20.2(25.2) Maces & Flails
 - Level 10.1(15.1) Throwing
 + Level 19.4(24.4) Armour
 + Level 19.4(24.4) Shields
 - Level 10.0 Invocations


You had 19 spell levels left.
You didn't know any spells.
Your spell library contained the following spells:

 Spells                   Type           Power      Damage    Failure   Level
 Freeze                   Ice            0%         1d3       36%         1
 Shock                    Conj/Air       0%         1d3       36%         1
 Cigotuvi's Dreadful Rot  Necr/Alch/Air  0%         N/A       52%         2
 Ensorcelled Hibernation  Hex/Ice        0%         N/A       52%         2
 Scorch                   Fire           0%         2d5       52%         2
 Static Discharge         Conj/Air       0%         3-3/arc   52%         2
 Sublimation of Blood     Necr           0%         N/A       52%         2
 Dazzling Flash           Conj/Hex       0%         N/A       75%         3
 Frozen Ramparts          Ice            0%         1d1       75%         3
 Fugue of the Fallen      Necr           0%         N/A       75%         3
 Hailstorm                Conj/Ice       0%         3d5       75%         3
 Inner Flame              Hex/Fire       0%         N/A       75%         3
 Sigil of Binding         Hex            0%         N/A       75%         3
 Volatile Blastmotes      Fire/Tloc      0%         2d10      75%         3
 Anguish                  Hex/Necr       0%         N/A       98%         4
 Cause Fear               Hex            0%         N/A       98%         4
 Dimensional Bullseye     Hex/Tloc       0%         N/A       98%         4
 Flame Wave               Conj/Fire      0%         2d4       98%         4
 Ignite Poison            Fire/Alch      0%         N/A       98%         4
 Olgreb's Toxic Radiance  Alch           0%         N/A       98%         4
 Vhi's Electric Charge    Tloc/Air       0%         N/A       98%         4
 Arcjolt                  Conj/Air       0%         1d10      100%        5
 Fireball                 Conj/Fire      0%         3d3       100%        5
 Freezing Cloud           Conj/Ice/Air   0%         6-21      100%        5
 Irradiate                Conj/Alch      0%         3d11      100%        5
 Iskenderun's Battlesphe  Conj           0%         2d6       100%        5
 Bombard                  Conj/Erth      0%         9d1       100%        6
 Gell's Gavotte           Tloc           0%         2d(11-16) 100%        6
 Plasma Beam              Fire/Air       0%         2x1d10    100%        6
 Starburst                Conj/Fire      0%         6d3       100%        6
 Ozocubu's Refrigeration  Ice            0%         4d7       100%        7
 Borgnjor's Revivificati  Necr           0%         N/A       100%        8
 Discord                  Hex            0%         N/A       100%        8
 Fulsome Fusillade        Conj/Alch      0%         (3-5)d4   100%        8
 Ignition                 Fire           0%         3d3       100%        8
 Maxwell's Capacitive Co  Air            0%         ∞         100%        8
 Chain Lightning          Conj/Air       0%         N/A       100%        9
 Death's Door             Necr           0%         N/A       100%        9
 Call Imp                 Summ           Unusable   N/A       N/A         2
 Call Canine Familiar     Summ           Unusable   N/A       N/A         3
 Summon Cactus Giant      Summ           Unusable   N/A       N/A         6
 Haunt                    Necr/Summ      Unusable   N/A       N/A         7
 Spellforged Servitor     Conj/Summ      Unusable   N/A       N/A         7
 Summon Hydra             Summ           Unusable   N/A       N/A         7
 Dragon's Call            Summ           Unusable   N/A       N/A         9

Dungeon Overview and Level Annotations

Branches:
Dungeon (15/15)            Temple (1/1) D:5            Lair (5/5) D:9
  Swamp (4/4) Lair:2        Snake (4/4) Lair:3        Slime (0/5) Lair:4
    Orc (2/2) D:11            Elf (3/3) Orc:2        Vaults (3/5) D:13
  Crypt (0/3) Vaults:2     Depths (0/4) D:15         Bailey (visited)
Desolation (visited)

Altars:
Ashenzari
Cheibriados
Dithmenos
Elyvilon
Fedhas
Gozag
Hepliaklqana
Kikubaaqudgha
Makhleb
Nemelex Xobeh
Okawaru
Qazlal
Ru
Sif Muna
Trog
Uskayaw
Vehumet
Wu Jian
Xom
Yredelemnul
Zin
The Shining One
Beogh
Jiyva

Shops:
D:5 !   D:15 *   Orc:1 !   Orc:2 *[(   Elf:1 :*(   Elf:2 *=:=   Snake:4 *
Vaults:2 =(:

Annotations:
Vaults:3 Sojobo


Innate Abilities, Weirdness & Mutations

Your spellcasting is much less encumbered by armour.
You can use scrolls of enchantment on lesser artefacts.


Message History

Unknown command.
Unknown command.
Unknown command.
Okay, then.
Unknown command.
Unknown command.
Unknown command.
Blink to where?
Press: ? - help, Dir - move target, p - tengu reaver
As you read the scroll of blinking, it crumbles to dust.
Your +9 morningstar of the Shrike {spect, rElec rF++ Str+4 Int-4} disappears.
You feel sick.
You feel much better.
You feel sick.
Aiming: Corrosive Bolt
Press: ? - help, Shift-Dir - straight line, f - Sojobo
Aim: Sojobo, wielding a +5 heavy great sword and wearing a +1 ring mail of fire resistance (moderately wounded, repelling missiles, 13% to hit)
The bolt of acid hits Sojobo!
The acid corrodes Sojobo!
Sojobo is heavily wounded.
You feel sick.
Aiming: Corrosive Bolt
Press: ? - help, Shift-Dir - straight line, f/p - Sojobo
Aim: Sojobo, wielding a +5 heavy great sword and wearing a +1 ring mail of fire resistance (heavily wounded, repelling missiles, covered in acid, 13% to hit)
The bolt of acid hits Sojobo!
Sojobo is heavily wounded.
You feel sick.
Aiming: Corrosive Bolt
Press: ? - help, Shift-Dir - straight line, f/p - Sojobo
Aim: Sojobo, wielding a +5 heavy great sword and wearing a +1 ring mail of fire resistance (heavily wounded, repelling missiles, covered in acid, 13% to hit)
Sojobo repels the bolt of acid!
Aiming: Corrosive Bolt
Press: ? - help, Shift-Dir - straight line, f/p - Sojobo
Aim: Sojobo, wielding a +5 heavy great sword and wearing a +1 ring mail of fire resistance (heavily wounded, repelling missiles, covered in acid, 13% to hit)
Sojobo repels the bolt of acid!
The tengu reaver repels the bolt of acid!
You feel sick.
Sojobo conjures a fierce blast of wind!
You are knocked back by the gust of wind.
You slam into the metal wall!!
You die...
Sojobo says, "Just as planned."

##########
+@.......#
#........#
#........#
#...Q....#
#....Q...#
#......).#
#.....<..#
#........#
#........#


You could see Sojobo (repels missiles, corroded) and a tengu reaver (repels
missiles).

Vanquished Creatures
  A deep elf blademaster (Elf:2)
  Kirke (Snake:1)
  A tentacled starspawn (Abyss:3)
  Frances (D:14)
  A tengu reaver (Vaults:3)
  Agnes (D:14)
  4 nagarajas
  Aizul (Swamp:2)
  A frost giant (Vaults:1)
  A deep elf sorcerer (Vaults:1)
  5 vault wardens
  2 angels (Vaults:2)
  An orc warlord (Orc:2)
  10 ironbound preservers
  A very ugly thing (Vaults:1)
  5 ironbound thunderhulks
  A formless jellyfish (Vaults:2)
  4 eleionomae
  A deep elf demonologist (Elf:1)
  2 war gargoyles (Vaults:2)
  7 dire elephants
  5 bunyips
  A deep elf high priest (Elf:1)
  The ghost of Valrug the Grappler, a journeyman TrFi of Wu Jian (D:10)
  4 yaktaur captains (Vaults:2)
  Erolcha (Orc:2)
  13 hydras
  A ragged hierophant (Desolation)
  2 rakshasas
  6 great orbs of eyes
  7 salamander tyrants
  The ghost of Orlauf the Cleaver, a journeyman DsGl (D:10)
  3 vault guards (Vaults:2)
  6 alligators
  3 peacekeepers
  7 anacondas
  3 catoblepae
  3 ironbound frosthearts (Vaults:2)
  2 two-headed ogres
  18 dancing weapons
  12 centaur warriors
  The ghost of hattop the Mimic, a novice DrSh of Hepliaklqana (D:10)
  9 death yaks
  7 boulder beetles
  2 tengu warriors
  4 hell hogs (Abyss:3)
  A deep troll shaman (Lair:5)
  6 thrashing horrors (Abyss:3)
  The ghost of dogverified the Slicer, a novice DsGl of Uskayaw (D:10)
  8 shock serpents
  2 orc high priests
  Nergalle (D:12)
  Urug (Orc:1)
  16 naga sharpshooters
  15 naga warriors
  11 deep elf knights
  7 salamander mystics
  2 skysharks
  A wretched star (Abyss:3)
  3 skeletal warriors (D:15)
  5 spriggan druids
  5 deep elf archers (Elf:1)
  20 deep trolls
  3 goliath frogs
  Lodul (D:13)
  6 mana vipers
  12 swamp dragons
  2 thermic dynamos (Elf:1)
  4 ironbound convokers (Vaults:2)
  5 harpies
  3 necromancers
  5 naga ritualists
  9 arcanists
  A bog body (Swamp:2)
  A phantasmal warrior (Vaults:2)
  6 orc knights
  14 lindwurms
  20 deep elf zephyrmancers
  2 will-o-the-wisps
  An oklob plant (Lair:2)
  22 ugly things
  27 deep elf pyromancers
  5 orc sorcerers
  3 worldbinders (Abyss:3)
  20 salamanders
  A manticore (D:13)
  5 cyclopes
  A centaur zombie (D:15)
  5 elephants (Lair:5)
  A torpor snail (shapeshifter) (Vaults:2)
  34 black mambas
  2 black mambas (shapeshifter)
  2 guardian serpents
  17 naga magi
  9 vault sentinels
  3 smoke demons (Abyss:3)
  A large abomination (Abyss:3)
  9 cane toads
  3 rime drakes
  A centaur skeleton (D:15)
  7 komodo dragons
  An efreet (D:14)
  2 kobold demonologists
  20 yaktaurs
  2 ancient zymes (Abyss:3)
  2 tengu conjurers
  A freezing wraith (Vaults:1)
  4 tyrant leeches
  3 red devils (D:8)
  10 trolls
  6 hornets
  6 polar bears
  14 saltlings
  13 blink frogs
  17 dream sheep
  20 slime creatures
  2 air elementals
  7 spriggans
  A vampire (D:13)
  An ettin skeleton (Vaults:2)
  A ynoxinul (Abyss:3)
  5 wyverns
  54 yaks
  3 basilisks
  2 hogs (Snake:1)
  A warg (Orc:1)
  12 vampire mosquitoes
  A fire elemental (Elf:1)
  2 humans (Snake:1)
  A steam dragon (D:9)
  A glowing shapeshifter zombie (Vaults:2)
  44 nagas
  14 swamp worms
  An acid dragon (D:9)
  39 orc warriors
  28 water moccasins
  A meliai simulacrum (D:14)
  A black bear (Lair:2)
  A hornet zombie (D:15)
  7 swamp drakes
  An ice beast (D:5)
  A black bear (shapeshifter) (Elf:1)
  An ettin simulacrum (Vaults:2)
  31 wolves
  10 ogres
  3 centaurs
  A human skeleton (Vaults:2)
  3 phantoms
  6 kobold brigands
  10 bullfrogs
  A gnoll sergeant (D:9)
  An earth elemental (Elf:2)
  3 scorpions
  2 small abominations (Abyss:3)
  4 wights (D:6)
  An electric eel (Elf:1)
  2 howler monkeys
  A crimson imp (Abyss:3)
  7 hounds
  2 jellies (D:5)
  14 orc priests
  Crazy Yiuf (D:3)
  2 iguanas
  17 orc wizards
  2 sleepcaps
  7 gnolls
  6 adders
  2 shadow imps
  2 white imps
  2 ufetubi (D:7)
  14 dart slugs
  A ribbon worm (D:3)
  92 orcs
  9 endoplasms
  11 goblins
  2 hobgoblins
  24 kobolds
  A quokka (D:4)
  9 ball pythons
  5 bats
  3 frilled lizards
  8 rats
1228 creatures vanquished.

Vanquished Creatures (collateral kills)
  An orc warrior (D:6)
  2 orcs (D:6)
3 creatures vanquished.

Vanquished Creatures (others)
  A ghost crab (Swamp:2)
  A bloated husk (Swamp:2)
  4 foxfires (Swamp:2)
  39 spectral weapons
  4 starspawn tentacles (Abyss:3)
49 creatures vanquished.

Grand Total: 1280 creatures vanquished

Notes
Turn   | Place    | Note
-------+----------+-------------------------------------------
     0 | D:1      | TacoSundae the Mountain Dwarf Fighter began the quest for
                  | the Orb.
     0 | D:1      | Reached XP level 1. HP: 19/19 MP: 1/1
    66 | D:1      | Reached skill level 3 in Maces & Flails
    66 | D:1      | Reached XP level 2. HP: 12/26 MP: 2/2
   157 | D:1      | Reached skill level 4 in Maces & Flails
   368 | D:1      | Reached XP level 3. HP: 31/31 MP: 3/3
   782 | D:1      | Reached skill level 5 in Maces & Flails
   817 | D:2      | Reached XP level 4. HP: 29/38 MP: 4/4
  1164 | D:2      | Identified the ring "Hooff" {Str+5 Int+6 Stlth-}
  1451 | D:3      | Found a faded altar of an unknown god.
  1470 | D:3      | Reached skill level 6 in Maces & Flails
  1797 | D:3      | Found a sparkling altar of Nemelex Xobeh.
  2297 | D:3      | Identified the +1 dagger of Extermination {freeze, Dex+4
                  | Stlth-}
  2318 | D:3      | Found a runed translucent door.
  2319 | D:3      | Noticed Crazy Yiuf
  2327 | D:3      | Killed Crazy Yiuf
  2328 | D:3      | Reached XP level 5. HP: 3/45 MP: 5/5
  2328 | D:3      | HP: 1/45 [poisoned by Crazy Yiuf]
  2555 | D:4      | Noticed a phantom
  2845 | D:4      | Reached skill level 7 in Maces & Flails
  2867 | D:4      | Found a broken altar of Ashenzari.
  3126 | D:3      | Killed a phantom
  3127 | D:3      | Reached skill level 8 in Maces & Flails
  3127 | D:3      | Reached XP level 6. HP: 38/51 MP: 6/6
  3736 | D:5      | Entered Level 5 of the Dungeon
  3820 | D:5      | Reached XP level 7. HP: 58/58 MP: 7/7
  3983 | D:5      | Reached skill level 9 in Maces & Flails
  4160 | D:5      | Found a staircase to the Ecumenical Temple.
  4169 | Temple   | Entered the Ecumenical Temple
  4274 | D:5      | Found Ulagi's Distillery.
  4971 | D:6      | Found a hazy altar of Hepliaklqana.
  4986 | D:6      | Reached XP level 8. HP: 67/67 MP: 8/8
  5150 | D:6      | Found a white marble altar of Elyvilon.
  5182 | D:6      | Reached skill level 10 in Maces & Flails
  5419 | D:6      | Reached skill level 5 in Armour
  5465 | D:6      | Reached skill level 5 in Fighting
  5870 | D:6      | Reached skill level 5 in Shields
  6850 | D:7      | Found an opulent altar of Gozag.
  6923 | D:7      | Found a snail-covered altar of Cheibriados.
  7229 | D:7      | Found a basalt altar of Yredelemnul.
  7306 | D:7      | Found a bloodstained altar of Trog.
  7345 | D:7      | Found an ornate altar of the Wu Jian Council.
  7625 | D:8      | Reached skill level 11 in Maces & Flails
  7639 | D:8      | Noticed a red devil
  7639 | D:8      | Noticed a red devil
  7642 | D:8      | Noticed a red devil
  7659 | D:8      | Killed a red devil
  7660 | D:8      | Reached XP level 9. HP: 75/75 MP: 9/9
  7666 | D:8      | Killed a red devil
  7669 | D:8      | Killed a red devil
  8410 | D:8      | Found a shimmering altar of Xom.
  8676 | D:9      | Noticed a troll
  8679 | D:9      | Reached skill level 12 in Maces & Flails
  8686 | D:9      | Killed a troll
  8733 | D:9      | Found a flagged portal.
  8761 | Bailey   | Entered a bailey
  9316 | Bailey   | Reached XP level 10. HP: 60/86 MP: 10/10
  9422 | Bailey   | Found a roughly hewn altar of Beogh.
  9422 | Bailey   | Noticed an orc knight
  9430 | Bailey   | Killed an orc knight
  9431 | Bailey   | Reached skill level 1 in Invocations
  9467 | D:9      | Acquired the +9 morningstar of the Shrike {spect, rElec
                  | rF++ Str+4 Int-4}
  9816 | D:9      | Found a staircase to the Lair.
  9845 | D:9      | Reached skill level 13 in Maces & Flails
 10160 | D:9      | Found an iron altar of Okawaru.
 10256 | D:9      | Became a worshipper of Warmaster Okawaru
 10268 | D:10     | Entered Level 10 of the Dungeon
 10281 | D:10     | Noticed a soul eater
 10519 | D:10     | Found a runed translucent gate.
 10519 | D:10     | Found a runed translucent gate.
 10519 | D:10     | Found a runed translucent gate.
 10520 | D:10     | Noticed dogverified's ghost (novice DsGl)
 10520 | D:10     | Noticed Orlauf's ghost (journeyman DsGl)
 10521 | D:10     | Noticed hattop's ghost (novice DrSh)
 10522 | D:10     | Noticed Valrug's ghost (journeyman TrFi)
 10526 | D:10     | Noticed a cyclops
 10553 | D:10     | Killed a cyclops
 10553 | D:10     | Reached * piety under Okawaru
 10724 | D:10     | Reached ** piety under Okawaru
 10884 | D:10     | Found a radiant altar of Vehumet.
 11289 | D:11     | Reached skill level 5 in Invocations
 11293 | D:11     | Reached XP level 11. HP: 94/95 MP: 14/14
 11303 | D:11     | Noticed a brown ugly thing
 11311 | D:11     | Killed a brown ugly thing
 11313 | D:11     | Found a staircase to the Orcish Mines.
 11863 | Lair:1   | Entered Level 1 of the Lair of Beasts
 12060 | Lair:1   | Reached *** piety under Okawaru
 12849 | Lair:1   | Reached **** piety under Okawaru
 13035 | Lair:2   | Reached skill level 14 in Maces & Flails
 13450 | Lair:2   | Reached ***** piety under Okawaru
 13625 | Lair:2   | Received a gift from Okawaru
 13644 | Lair:2   | Found a staircase to the Swamp.
 13644 | Lair:2   | Noticed an eleionoma
 13653 | Lair:2   | Killed an eleionoma
 13654 | Lair:2   | Reached XP level 12. HP: 80/106 MP: 17/17
 13976 | Lair:2   | Reached skill level 10 in Fighting
 13976 | Lair:2   | Reached skill level 10 in Shields
 13983 | Lair:2   | Reached skill level 10 in Armour
 14479 | Lair:3   | Noticed a boulder beetle
 14491 | Lair:3   | Killed a boulder beetle
 14609 | Lair:3   | Received a gift from Okawaru
 14737 | Lair:2   | Reached skill level 15 in Maces & Flails
 14885 | Lair:3   | Noticed a catoblepas
 14905 | Lair:3   | Killed a catoblepas
 14925 | Lair:3   | Found a staircase to the Snake Pit.
 14948 | Lair:3   | Received a gift from Okawaru
 15436 | Lair:4   | Reached XP level 13. HP: 116/116 MP: 20/20
 15466 | Lair:4   | Reached skill level 10 in Invocations
 15732 | Lair:4   | Reached ****** piety under Okawaru
 15732 | Lair:4   | Received a gift from Okawaru
 15736 | Lair:4   | Acquired the +0 pair of gloves of the Dungeon {^Contam
                  | rPois rF+}
 15736 | Lair:4   | Received a gift from Okawaru
 15907 | Lair:4   | Found a viscous altar of Jiyva.
 15907 | Lair:4   | Found a staircase to the Slime Pits.
 16192 | Lair:5   | Entered Level 5 of the Lair of Beasts
 16374 | Lair:5   | Received a gift from Okawaru
 16382 | Lair:5   | Reached skill level 16 in Maces & Flails
 16481 | Lair:5   | Identified the +0 scale mail of the Hecatoncheires {+Inv
                  | rCorr Str+2}
 16489 | Lair:5   | Identified the +4 great sword "Xim Fynt" {freeze, rF+ rC+
                  | Int-3 Dex+2}
 16798 | Lair:5   | Received a gift from Okawaru
 17474 | Lair:5   | Reached XP level 14. HP: 125/127 MP: 21/21
 18033 | D:12     | Noticed Nergalle
 18043 | D:12     | Killed Nergalle
 18591 | D:13     | Received a gift from Okawaru
 18592 | D:13     | Reached skill level 17 in Maces & Flails
 18640 | D:13     | Found a gate to the Vaults.
 18767 | D:13     | Reached skill level 1 in Throwing
 19253 | D:13     | Noticed Lodul
 19264 | D:13     | Killed Lodul
 19269 | D:13     | Received a gift from Okawaru
 19387 | D:13     | Found a glowing golden altar of the Shining One.
 19469 | Orc:1    | Entered Level 1 of the Orcish Mines
 19545 | Orc:2    | Entered Level 2 of the Orcish Mines
 19739 | Orc:2    | Noticed Erolcha
 19749 | Orc:2    | Killed Erolcha
 19806 | Orc:2    | Noticed an orc warlord
 19832 | Orc:2    | Killed an orc warlord
 19927 | Orc:2    | Found a roughly hewn altar of Beogh.
 20025 | Orc:2    | Found Imad's Jewellery Shop.
 20049 | Orc:2    | Found Bemiof's Antique Armour Shop.
 20057 | Orc:2    | Bought a shiny helmet for 202 gold pieces
 20083 | Orc:2    | Found Xaamutoh's Antique Weapon Shop.
 20099 | Orc:2    | Found Sisuigg's General Store.
 20123 | Orc:2    | Bought a wand of digging (1) for 63 gold pieces
 20123 | Orc:2    | Bought a potion of heal wounds for 75 gold pieces
 20160 | Orc:2    | Found a staircase to the Elven Halls.
 20430 | Orc:1    | Received a gift from Okawaru
 20584 | Orc:1    | Found Vamiblig's Distillery.
 20588 | Orc:1    | Bought a potion of might for 68 gold pieces
 20588 | Orc:1    | Bought a potion of might for 68 gold pieces
 20588 | Orc:1    | Bought a potion of heal wounds for 85 gold pieces
 20750 | Orc:1    | Noticed Urug
 20758 | Orc:1    | Killed Urug
 21098 | Swamp:1  | Entered Level 1 of the Swamp
 21136 | Snake:1  | Entered Level 1 of the Snake Pit
 21219 | Snake:1  | Noticed Kirke
 21236 | Snake:1  | Killed Kirke
 21504 | Snake:1  | Reached XP level 15. HP: 115/137 MP: 15/22
 21581 | Snake:1  | Received a gift from Okawaru
 21585 | Snake:1  | Noticed a nagaraja
 21602 | Snake:1  | Killed a nagaraja
 22485 | Snake:2  | Noticed a nagaraja
 22498 | Snake:2  | Killed a nagaraja
 22498 | Snake:2  | Received a gift from Okawaru
 22664 | Snake:2  | Reached skill level 18 in Maces & Flails
 23402 | Snake:3  | Received a gift from Okawaru
 23619 | Snake:3  | Reached skill level 5 in Throwing
 23827 | Snake:3  | Received a gift from Okawaru
 24731 | Snake:3  | Identified the +3 long sword "Galas" {freeze, +Blink rCorr
                  | Int+2 Stlth+}
 24789 | Snake:3  | Received a gift from Okawaru
 24802 | Snake:3  | Reached XP level 16. HP: 109/147 MP: 23/23
 24838 | Snake:3  | Reached skill level 15 in Fighting
 25354 | D:10     | Killed Valrug's ghost
 25359 | D:10     | Killed hattop's ghost
 25363 | Abyss:3  | Cast into level 3 of the Abyss (dogverified's ghost)
 25369 | Abyss:3  | Reached skill level 15 in Shields
 25383 | Abyss:3  | Reached skill level 15 in Armour
 25540 | Abyss:3  | Received a gift from Okawaru
 25567 | Abyss:3  | Noticed a tentacled starspawn
 25581 | Abyss:3  | Killed a tentacled starspawn
 25611 | D:10     | Escaped the Abyss
 25620 | D:10     | Killed Orlauf's ghost
 25626 | D:10     | Killed dogverified's ghost
 25880 | D:14     | Noticed Frances
 25894 | D:14     | Killed Frances
 26020 | D:14     | Noticed Agnes
 26025 | D:14     | Killed Agnes
 26122 | D:15     | Entered Level 15 of the Dungeon
 26178 | D:15     | Received a gift from Okawaru
 26243 | D:15     | Found Niowkuoc's General Store.
 26261 | D:15     | Found a sacrificial altar of Ru.
 26603 | D:15     | Found a staircase to the Depths.
 26843 | Elf:1    | Entered Level 1 of the Elven Halls
 26898 | Elf:1    | Received a gift from Okawaru
 26960 | Elf:1    | Noticed an Ice Fiend
 27074 | Elf:1    | Noticed an Ice Fiend
 27237 | Elf:1    | Found Deoceceh's Book Shoppe.
 27462 | Elf:1    | Reached XP level 17. HP: 158/158 MP: 24/24
 27544 | Elf:1    | Received a gift from Okawaru
 27855 | Elf:1    | Found Xobritua's Assorted Antiques.
 27857 | Elf:1    | Found Woumneur's Weapon Emporium.
 28122 | Elf:1    | Identified the maw talisman of Qazlal's Outrage {+Blink
                  | rPois}
 28682 | Elf:2    | Found a huge runed translucent gate.
 28682 | Elf:2    | Found a huge runed translucent gate.
 28682 | Elf:2    | Found a huge runed translucent gate.
 28683 | Elf:2    | Found a huge runed translucent gate.
 28684 | Elf:2    | Found a huge runed translucent gate.
 28855 | Elf:2    | Received a gift from Okawaru
 28858 | Elf:2    | Noticed a deep elf blademaster
 28869 | Elf:2    | Killed a deep elf blademaster
 29099 | Elf:2    | Found Qimpeun's Jewellery Shoppe.
 29101 | Elf:2    | Found Deholudgh's Book Shop.
 29102 | Elf:2    | Found Bemath's Jewellery Shoppe.
 29227 | Elf:2    | Paralysed by an air elemental for 1 turns
 29263 | Elf:2    | Found Monodolu's General Store.
 29490 | Elf:2    | Identified the blade talisman "Gitoaw" {rC+ SInv}
 29551 | Elf:3    | Entered Level 3 of the Elven Halls
 29901 | Swamp:1  | Received a gift from Okawaru
 30183 | Swamp:1  | Identified the +1 sling of Certain Death {elec, *Corrode
                  | Dex+3}
 30596 | Swamp:2  | Received a gift from Okawaru
 30631 | Swamp:2  | Identified the serpent talisman of Defiance {MP+9 Dex+2}
 30631 | Swamp:2  | Noticed Aizul
 30642 | Swamp:2  | Killed Aizul
 31757 | Swamp:4  | Entered Level 4 of the Swamp
 31871 | Swamp:4  | Received a gift from Okawaru
 31880 | Swamp:4  | Reached XP level 18. HP: 170/170 MP: 25/25
 32207 | Swamp:4  | Got a decaying rune of Zot
 32252 | Swamp:4  | Identified the ring of Cooli {Wiz MP+9 Str+3 Dex-4}
 32849 | Snake:4  | Entered Level 4 of the Snake Pit
 33195 | Snake:4  | Found Ruavemp's Assorted Antiques.
 33474 | Snake:3  | Received a gift from Okawaru
 33846 | Snake:4  | Got the Anthology of Ceraunoscopy
 34202 | Snake:4  | Reached skill level 10 in Throwing
 35151 | Snake:4  | Got a serpentine rune of Zot
 35456 | Vaults:1 | Entered Level 1 of the Vaults
 35569 | Vaults:1 | Received a gift from Okawaru
 35737 | Vaults:1 | Reached skill level 19 in Maces & Flails
 35803 | Vaults:1 | Identified the staff of Fragile Peace {Fly Str+6 Dex-2 Conj
                  | Ice}
 36108 | Vaults:1 | Identified the ring "Olecvix" {rElec rCorr Int-3 Dex+4}
 36163 | Vaults:1 | Reached XP level 19. HP: 180/180 MP: 26/26
 36238 | Vaults:1 | Received a gift from Okawaru
 37431 | Vaults:2 | Received a gift from Okawaru
 37466 | Vaults:2 | Found Fuedawi's Jewellery Boutique.
 37505 | Vaults:2 | Found Nommanav's Weapon Shoppe.
 37549 | Vaults:2 | Found a flickering gateway to a bazaar.
 37555 | Bazaar   | Entered a bazaar
 37555 | Bazaar   | Found Zuovuowni's General Store.
 37555 | Bazaar   | Found Wacramuv's Distillery.
 37555 | Bazaar   | Found Adauquf's Assorted Antiques.
 37557 | Bazaar   | Found Xoggiana's Distillery.
 37600 | Bazaar   | Bought a potion of heal wounds for 65 gold pieces
 37600 | Bazaar   | Bought a potion of berserk rage for 65 gold pieces
 37608 | Bazaar   | Bought a potion of heal wounds for 80 gold pieces
 37611 | Bazaar   | Bought a potion of heal wounds for 95 gold pieces
 37614 | Bazaar   | Bought a wand of digging (4) for 268 gold pieces
 37614 | Bazaar   | Bought a potion of berserk rage for 80 gold pieces
 37833 | Vaults:2 | Found a crumbling gateway.
 37852 | Vaults:2 | Found a white marble altar of Elyvilon.
 37852 | Vaults:2 | Found a glowing golden altar of the Shining One.
 37853 | Vaults:2 | Found a glowing silver altar of Zin.
 37886 | Desolati | Entered the Desolation of Salt
 38181 | Vaults:2 | Found a staircase to the Crypt.
 38181 | Vaults:2 | Found an ancient bone altar of Kikubaaqudgha.
 38182 | Vaults:2 | Found a basalt altar of Yredelemnul.
 38434 | Vaults:2 | Received a gift from Okawaru
 38544 | Vaults:2 | Reached skill level 20 in Maces & Flails
 38725 | Vaults:2 | Found Pymisch's Book Shop.
 39032 | Vaults:2 | Received a gift from Okawaru
 39221 | Vaults:2 | Reached XP level 20. HP: 124/191 MP: 27/27
 39458 | Vaults:3 | Noticed Sojobo
 39471 | Vaults:3 | HP: 7/182 [tengu reaver/+0 war axe[Sojobo] (12)]
 39476 | Vaults:3 | HP: 4/175 [Sojobo/bolt of lightning (7)]
 39482 | Vaults:3 | Collided with a metal wall

Illustrated notes

Levels and vault maps discovered:
D:1:      minmay_arrival_solitary_statue, layout_loops_ring, st_stairs_9
D:2:      layout_rooms, nrook_loot_triangle
D:3:      wander_river, layout_basic, nemelex_dance_club_becter,
          chequers_ecumenical_altar_island, chequers_avenue,
          minmay_gold_behind_fungi, uniq_crazy_yiuf_cottage
D:4:      kennysheep_slugbush, layout_loops_ring, nicolae_ashenzari_skybound,
          chequers_serial_rivers_small_b, dreamdust_gnoll_farm
D:5:      layout_loops_corners, minmay_temple_entry_ruins, serial_shops, shop,
          nicolae_zen_rock_garden, minmay_liquid_box,
          chequers_hall_statues_corner_a
D:6:      layout_layer_cave, nicolae_elyvilon_temple_path, lemuel_crystal_altar
D:7:      layout_loops_corners, grunt_gozag_breadcrumbs,
          mainiacjoe_overflow_brackets, pdpol_wu_jian_five_deadly_venoms,
          kennysheep_slug_shrine, lightli_temple_of_fire
D:8:      layout_cave_pods, overflow_temple_1_default,
          einodemon_armed_red_devil_minivault
D:9:      layout_roguey, mainiacjoe_overflow_alcove_1, erik_lair_island,
          enter_bailey_5
D:10:     layout_basic, amcnicky_altar_gilded, gammafunk_ghost_cemetery,
          chequers_mini_garden
D:11:     layout_long_grid, orc_0_dummy, st_stairs_6, serial_bayou_pond_d
D:12:     layout_roguey, minivault_23, uniq_nergalle
D:13:     layout_irregular_city, david_vaults_1, nicolae_tso_swordbearing_angel,
          uniq_lodul
D:14:     layout_gridville, uniq_frances, uniq_agnes
D:15:     grunt_enter_depths_magical_seal, layout_cave_pools, serial_shops,
          shop, nicolae_ru_sacrificial_ziggurat
Temple:   nicolae_temple_bog_church
Lair:1:   layout_cave_pods
Lair:2:   layout_regular_city, alex1729_swamp_entry_worm_eleionoma,
          grunt_megastairs_1
Lair:3:   layout_misc_corridors, minmay_snake_entry_six_corridors
Lair:4:   layout_gridlike, dpeg_slime_entry_enclosed,
          dreamdust_deal_with_the_devil, grunt_forest_large_clearings
Lair:5:   grunt_lair_end_beastmaster, layout_misc_corridors
Swamp:1:  layout_basic_swamp, evilmike_swamp_ruin_house_5
Swamp:2:  layout_falls_marsh, nicolae_swamp_dense_foliage, swamp_pool_3,
          uniq_aizul
Swamp:3:  layout_falls_marsh, nicolae_swamp_reclaimed_castle,
          nicolae_swamp_decorative_isthmus
Swamp:4:  swamp_alternative, layout_basic_swamp, swamp_pool_1_2
Snake:1:  layout_honeycomb, nicolae_snake_omega, serial_bayou_shore_b,
          lemuel_fruit_tree, uniq_kirke
Snake:2:  layout_grid_shapes
Snake:3:  layout_grid_maze
Snake:4:  minmay_snake_end_coiled, layout_onion, serial_shops, shop
Orc:1:    layout_caves, serial_shops, shop, uniq_urug
Orc:2:    grunt_orc_cross, layout_caves
Elf:1:    eino_elf_arrival_sip, layout_loops_corners, evilmike_minifort,
          serial_library_regret_index_multi, nicolae_wooded_promenade,
          minivault_24
Elf:2:    elven_hall_of_blades_hangedman_alternative
          [nicolae_blade_entry_diamond_columns], layout_geoelf_grid,
          serial_shops, shop, minmay_shop_grove
Elf:3:    elf_hall, layout_gridlike, serial_shops, shop
Vaults:1: hangedman_vaults_nodes, hangedman_vaults_nails,
          hangedman_vaults_pinch, nicolae_vaults_little_squares_1,
          vaults_room_semicircle, nicolae_vaults_prndl,
          nicolae_vaults_tetromino_L_2, nicolae_vaults_tetromino_L_1,
          vaults_room_hangedman_quadrants, layout_vaults_omnigrid
Vaults:2: portal_desolation_entry_holy_temple, minmay_crypt_entry_necro_gods,
          vaults_mumra_hex, nicolae_vaults_triangles,
          nicolae_vaults_closet_pinwheel_3, nicolae_vaults_theta,
          hangedman_vaults_impose, nicolae_vaults_storage_room_doors, v_misc_11,
          nicolae_vaults_six-pack, nicolae_vaults_puzzle_piece,
          ontoclasm_vaults_misaligned, nicolae_vaults_crenellated_ambush,
          vaults_dpeg_hooks, layout_vaults_omnibox, serial_shops, freezing_bzr,
          shop, shop, nicolae_shop_back_alley_shop
Vaults:3: dpeg_vaults_pockets_of_resistance, vaults_room_hallway,
          hangedman_vaults_snaps, nicolae_vaults_little_squares_3,
          vaults_dpeg_encased_lava, nicolae_vaults_weapon_check,
          nicolae_vaults_steering_wheel, v_misc_24,
          nicolae_vaults_sesquioval_fish, lemuel_angel_altar,
          layout_vaults_maze_snakey, uniq_frederick, uniq_bai_suzhen,
          uniq_sojobo

Skill      XL: |  1  2  3  4  5  6  7  8  9 10 11 12 13 14 15 16 17 18 19 |
---------------+----------------------------------------------------------+-----
Maces & Flails | 3 4 5 6 8 9 11 12 13 14 15 16 17 18 19 20 | 20.2
Fighting       | 4 5 7 8 9 11 12 13 14 16 17 18 19 | 19.5
Armour         | 4 5 7 8 9 11 12 13 14 16 17 18 19 | 19.4
Shields        | 4 5 7 8 9 11 12 13 14 16 17 18 19 | 19.4
Invocations    | 5 7 9 10 | 10.0
Throwing       | 3 5 7 9 10 | 10.1

Action                     |  1- 3 |  4- 6 |  7- 9 | 10-12 | 13-15 | 16-18 | 19-21 || total
---------------------------+-------+-------+-------+-------+-------+-------+-------++-------
  Melee: Flail             |    79 |   186 |   339 |    15 |       |       |       ||   619
         Morningstar       |       |       |       |   417 |   894 |  1202 |   566 ||  3079
  Throw: Boomerang         |       |     3 |       |     2 |    17 |   126 |       ||   148
         Dart              |       |       |     1 |       |       |       |       ||     1
 Invoke: Receive Armour    |       |       |       |       |     1 |       |       ||     1
         Heroism           |       |       |       |       |     3 |     4 |     2 ||     9
         Finesse           |       |       |       |       |     1 |     4 |     1 ||     6
  Evoke: Wand              |       |       |     8 |       |       |     2 |     5 ||    15
    Use: Potion            |       |     3 |     1 |     1 |     2 |     6 |     6 ||    19
         Scroll            |       |       |    16 |     6 |     6 |     2 |     9 ||    39
   Stab: Distracted        |       |       |       |     4 |    17 |    19 |    14 ||    54
         Petrifying        |       |       |       |     1 |       |       |       ||     1
         Petrified         |       |       |       |     1 |       |       |       ||     1
 Armour: Scale mail        |    56 |   163 |   256 |    29 |       |       |       ||   504
         Acid dragon scale |       |       |       |   252 |    14 |       |       ||   266
         Plate armour      |       |       |       |       |   677 |   958 |   397 ||  2032
  Dodge: Dodged            |    33 |    72 |   144 |   181 |   176 |   243 |   100 ||   949
  Block: Buckler           |    20 |    23 |    68 |    97 |   206 |    51 |       ||   465
         Kite shield       |       |       |       |       |       |   519 |   287 ||   806

Table legend: (Time is in decaauts)
 A = Elapsed time spent in this place.
 B = Non-inter-level travel time spent in this place.
 C = Inter-level travel time spent in this place.
 D = Time resting spent in this place.
 E = Time spent auto-exploring this place.
 F = Levels seen in this place.
 G = Mean time per level.
                   A        B        C        D        E       F      G
               +--------+--------+--------+--------+--------+-----+--------+
         Total |  38955 |  35912 |   3043 |   3920 |  16805 |  41 |  950.1 |
       Dungeon |  14463 |  13186 |   1277 |    896 |   8696 |  15 |  964.2 |
        Temple |      1 |      1 |      0 |      0 |      0 |   1 |    1.0 |
          Lair |   6110 |   5464 |    646 |    574 |   2965 |   5 | 1222.0 |
         Swamp |   3083 |   2934 |    149 |    305 |   1469 |   4 |  770.8 |
     Snake Pit |   6404 |   5922 |    482 |    959 |   1511 |   4 | 1601.0 |
  Orcish Mines |   1735 |   1617 |    118 |    291 |    577 |   2 |  867.5 |
   Elven Halls |   2454 |   2241 |    213 |    174 |    718 |   3 |  818.0 |
        Vaults |   3592 |   3437 |    155 |    445 |    861 |   3 | 1197.3 |
         Abyss |    220 |    220 |      0 |     37 |      8 |   1 |  220.0 |
        Bazaar |     69 |     69 |      0 |      0 |      0 |   1 |   69.0 |
        Bailey |    686 |    686 |      0 |    239 |      0 |   1 |  686.0 |
    Desolation |    131 |    131 |      0 |      0 |      0 |   1 |  131.0 |
               +--------+--------+--------+--------+--------+-----+--------+

Top non-repeatable levels by time:
 Snake:4: 2118 daAuts
Vaults:1: 1821 daAuts
 Snake:3: 1817 daAuts
Vaults:2: 1752 daAuts
     D:3: 1604 daAuts
  Lair:5: 1466 daAuts
     D:5: 1443 daAuts
  Lair:2: 1432 daAuts
     D:6: 1420 daAuts
 Snake:1: 1367 daAuts
  Lair:1: 1361 daAuts
   Elf:1: 1303 daAuts
   Orc:2: 1289 daAuts
    D:10: 1260 daAuts
   Elf:2: 1143 daAuts
